 Dungeon Crawl Stone Soup version 0.29-a0-330-g52719c12eb (webtiles) character file.

Game seed: 5731825021065141549

26 ImHallYall the Chopper (level 3, -4/27 HPs)
             Began as a Human Gladiator on Apr 12, 2022.
             Was a Follower of Qazlal.
             Slain by Sigmund
             ... wielding a +0 scythe
              (6 damage)
             ... on level 2 of the Dungeon.
             The game lasted 00:03:41 (1125 turns).

ImHallYall the Chopper (Human Gladiator)            Turns: 1125, Time: 00:03:42

Health: -4/27      AC: 10    Str: 16    XL:     3   Next: 22%
Magic:  3/3        EV: 11    Int:  8    God:    Qazlal [*.....]
Gold:   87         SH:  2    Dex: 14    Spells: 1/2 levels left

rFire   . . .      SeeInvis .   a - +0 war axe
rCold   . . .      Faith    .   (no shield)
rNeg    . . .      Spirit   .   h - +0 ring mail
rPois   +          Reflect  .   m - +0 helmet
rElec   .          Harm     .   (no cloak)
rCorr   .          Rampage  .   (no gloves)
Will    .....                   (no boots)
Stlth   +.........              (no amulet)
HPRegen 0.09/turn               p - +4 ring of protection
MPRegen 0.08/turn               o - ring of poison resistance

@: no status effects
A: no striking features
a: Renounce Religion


You were on level 2 of the Dungeon.
You worshipped Qazlal.
Qazlal was aware of your devotion.
You visited 1 branch of the dungeon, and saw 2 of its levels.

You collected 87 gold pieces.

Inventory:

Hand Weapons
 a - a +0 war axe (weapon)
Missiles
 d - 3 throwing nets (quivered)
 e - a javelin
Armour
 b - a +0 leather armour
 c - a +0 helmet
 h - a +0 ring mail (worn)
 m - a +0 helmet (worn)
Jewellery
 o - a ring of poison resistance (right hand)
 p - a +4 ring of protection (left hand)
Scrolls
 f - 2 scrolls of teleportation {unknown}
 g - 2 scrolls of identify {unknown}
 j - a scroll of torment {unknown}
Potions
 i - a potion of lignification {unknown}
 k - 3 potions of curing {unknown}
 l - a potion of magic {unknown}
 n - a potion of attraction {unknown}


   Skills:
 + Level 2.1 Fighting
 + Level 3.6 Axes
 + Level 2.1 Throwing
 + Level 0.3 Armour
 + Level 3.3 Dodging
 + Level 0.1 Spellcasting


You had one spell level left.
You knew the following spells:

 Your Spells              Type           Power      Damage    Failure   Level
a - Pain                  Necr           0%         1d4       63%         1

Your spell library contained the following spells:

 Spells                   Type           Power      Damage    Failure   Level
 Animate Skeleton         Necr           0%         N/A       63%         1
 Vampiric Draining        Necr           0%         2d6       94%         3
 Summon Forest            Summ/Tloc      0%         N/A       100%        5
 Summon Mana Viper        Hex/Summ       0%         N/A       100%        5
 Summon Cactus Giant      Summ           0%         N/A       100%        6


Dungeon Overview and Level Annotations

Branches:
Dungeon (2/15)

Altars:
Nemelex Xobeh
Qazlal

Annotations:
D:2 Sigmund


Message History

You see here a hobgoblin corpse.
p - a +4 ring of protection You now have 87 gold pieces (gained 9).
p - a +4 ring of protection (left hand)
o - a ring of poison resistance (right hand) Sigmund the Dreaded comes into view.
He is wielding a +0 scythe.
Sigmund shouts!
Sigmund points at you and mumbles some strange words.
The magic dart hits you.
Sigmund points at you and mumbles some strange words.
You are confused.
You see here a hobgoblin corpse.
Sigmund gestures wildly while chanting.
Sigmund flickers and vanishes!
Deactivating autopickup; reactivate with Ctrl-A.
A magic dart appears from out of thin air!
The magic dart hits you but does no damage.
You're too confused to move!
You feel less confused.
You are confused.
Something hits you. Something hits you but does no damage. Something hits you.
You bump into the rock wall.
Something hits you but does no damage.
A rat comes into view.
You closely miss something.
You feel less confused. Something hits you!
* * * LOW HITPOINT WARNING * * *
You barely miss something. Something hits you but does no damage.
Something barely misses you.
You closely miss something. Something hits you.
* * * LOW HITPOINT WARNING * * *
You hit something. Something hits you.
* * * LOW HITPOINT WARNING * * *
You hit something. You hit the rat.
You kill the rat!
Qazlal accepts your kill. Something hits you.
You die...

#.....#
#########.....###
#...............
######.............## ##
#..................# #.
#..................# #.
#..................# #.
#.....§{§..........# ##
#......@†..........#####
#......############.....
#......# #.<... #......#
#........ #......#
........... #......#
........... #......#
........... #......#
###........ #......#
#.....[.#


There were no monsters in sight!

Vanquished Creatures
  A dart slug (D:1)
  A bat (D:1)
  2 endoplasms
  3 goblins (D:1)
  3 hobgoblins
  2 jackals (D:1)
  3 quokkas (D:1)
  2 ball pythons (D:2)
  2 frilled lizards (D:1)
  3 rats
22 creatures vanquished.

Notes
Turn   | Place    | Note
-------+----------+-------------------------------------------
     0 | D:1      | ImHallYall the Human Gladiator began the quest for the Orb.
     0 | D:1      | Reached XP level 1. HP: 16/16 MP: 1/1
   241 | D:1      | Reached XP level 2. HP: 22/22 MP: 2/2
   353 | D:1      | Found a faded altar of an unknown god.
   405 | D:1      | Prayed at the altar of an unknown god.
   405 | D:1      | Became a worshipper of Qazlal Stormbringer
   405 | D:1      | Reached * piety under Qazlal
   411 | D:1      | Learned a level 1 spell: Pain
   802 | D:1      | Reached XP level 3. HP: 24/27 MP: 3/3
  1019 | D:2      | Found a sparkling altar of Nemelex Xobeh.
  1100 | D:2      | Noticed Sigmund
  1125 | D:2      | Slain by Sigmund

Illustrated notes

Levels and vault maps discovered:
D:1:      dpeg_arrival_pond, layout_loops_ring,
          hellmonk_ecumenical_altar_lost_god, minmay_misc_feat_alley,
          minmay_pentomino_o4
D:2:      layout_basic, basic_altar, kennysheep_pointless_box, uniq_sigmund

Action                   || total
-------------------------++-------
Melee: War axe           ||    68
 Cast: Pain              ||     1
Armor: Ring mail         ||    41
Dodge: Dodged            ||    56
Block: Other             ||     2

Table legend: (Time is in decaauts)
 A = Elapsed time spent in this place.
 B = Non-inter-level travel time spent in this place.
 C = Inter-level travel time spent in this place.
 D = Time resting spent in this place.
 E = Time spent auto-exploring this place.
 F = Levels seen in this place.
 G = Mean time per level.
                   A        B        C        D        E       F      G
               +--------+--------+--------+--------+--------+-----+--------+
         Total |   1146 |   1098 |     48 |    207 |    467 |   2 |  573.0 |
       Dungeon |   1146 |   1098 |     48 |    207 |    467 |   2 |  573.0 |
               +--------+--------+--------+--------+--------+-----+--------+

Top non-repeatable levels by time:
     D:1: 1037 daAuts
     D:2: 108 daAuts
